 Dungeon Crawl Stone Soup version 0.27-a0-1500-g450c7e4133 (webtiles) character file.

Game seed: 10853414547301253763

556 hatdisgam the Stinger (level 7, -1/49 HPs)
             Began as a Demonspawn Venom Mage on July 7, 2021.
             Was an Initiate of Gozag.
             Succumbed to an orc wizard's poison
             ... on level 4 of the Dungeon.
             The game lasted 00:10:28 (5616 turns).

hatdisgam the Stinger (Demonspawn Venom Mage)       Turns: 5616, Time: 00:10:29

Health: -1/49      AC:  6    Str:  7 (8)  XL:     7   Next: 8%
Magic:  11/11      EV: 12    Int: 16 (19) God:    Gozag
Gold:   702        SH:  0    Dex: 12 (13) Spells: 5/12 levels left

rFire    . . .     SeeInvis .   b - +1 dagger (venom)
rCold    . . .     Faith    .   (no shield)
rNeg     . . .     Spirit   .   z - +0 robe
rPois    .         Reflect  .   (no helmet)
rElec    .         Harm     .   t - +0 cloak
rCorr    .         Rampage  .   (no gloves)
Will     .....                  (no boots)
Stlth    ++........             y - amulet of the acrobat
HPRegen  0.16/turn              (no ring)
MPRegen  0.12/turn              (no ring)

@: lethally poisoned (-1 -> -11), gold aura, flying
A: slimy green scales 2, demonic guardian 2, powered by pain 1
a: Renounce Religion, Potion Petition, Call Merchant, Bribe Branch


You were on level 4 of the Dungeon.
You worshipped Gozag.
Gozag was pleased with you.
You visited 1 branch of the dungeon, and saw 5 of its levels.

You collected 702 gold pieces.

Inventory:

Hand Weapons
 b - a +1 dagger of venom (weapon)
 c - a +0 dagger
 d - a +0 mace
 o - a +0 war axe
Missiles
 i - 7 curare-tipped darts
Armour
 f - a +0 cloak
 t - a +0 cloak (worn)
 z - a +0 robe (worn)
Magical Staves
 a - a staff of poison
Jewellery
 y - an amulet of the acrobat (around neck)
Wands
 w - a wand of polymorph (2)
Scrolls
 e - 4 scrolls of teleportation {unknown}
 g - a scroll of enchant weapon {unknown}
 h - 2 scrolls of noise {unknown}
 j - a scroll of acquirement {unknown}
 k - a scroll of summoning {unknown}
 s - 2 scrolls of identify {unknown}
 A - a scroll of magic mapping {unknown}
Potions
 p - a potion of attraction
 u - a potion of might


   Skills:
 + Level 1.9 Fighting
 - Level 1.7 Dodging
 - Level 1.7 Stealth
 - Level 3.3 Spellcasting
 - Level 0.8 Transmutations
 - Level 3.2 Air Magic
 * Level 6.1 Poison Magic


You had 5 spell levels left.
You knew the following spells:

 Your Spells              Type           Power      Damage    Failure   Level
a - Sting                 Tmut/Pois      52%        1d5       4%          1
b - Poisonous Vapours     Pois/Air       34%        N/A       4%          2
c - Olgreb's Toxic Radia  Pois           22%        N/A       14%         4

Your spell library contained the following spells:

 Spells                   Type           Power      Damage    Failure   Level
 Mephitic Cloud           Conj/Pois/Air  12%        N/A       16%         3
 Corona                   Hex            2%         N/A       19%         1
 Ensorcelled Hibernation  Hex/Ice        4%         N/A       28%         2
 Sublimation of Blood     Necr           1%         N/A       28%         2
 Gell's Gravitas          Tloc           1%         N/A       50%         3
 Teleport Other           Tloc           2%         N/A       50%         3
 Tukima's Dance           Hex            2%         N/A       50%         3
 Dispel Undead            Necr           2%         3d7       88%         4
 Agony                    Necr           2%         N/A       99%         5
 Dispersal                Tloc           1%         N/A       100%        6
 Statue Form              Tmut/Erth      2%         N/A       100%        6


Dungeon Overview and Level Annotations

Branches:
Dungeon (5/15)
 Temple: D:4-7

Altars:
Gozag
The Shining One

Annotations:
D:3 3 runed translucent doors, hatdisgam's ghost, amateur GnFi


Innate Abilities, Weirdness & Mutations

You are mostly covered in slimy green scales. (AC +3)
A demonic guardian rushes to your aid.
You sometimes gain a little power by taking damage.


Message History

You feel invigorated.
* * * LOW HITPOINT WARNING * * *
You feel very sick. Something hits you but does no damage.
You are more poisoned.
Okay, then.
You hit your orange demon but do no damage.
Your orange demon is poisoned.
* * * LOW HITPOINT WARNING * * *
You feel very sick. Something hits you.
* * * LOW HITPOINT WARNING * * *
You are more poisoned.
It was a potion of attraction.
You feel attractive to monsters.
* * * LOW HITPOINT WARNING * * *
You feel very sick.
Reactivating autopickup.
You feel a bit more experienced.
It was a potion of magic.
Magic courses through your body.
* * * LOW HITPOINT WARNING * * *
You feel very sick.
It was a potion of cancellation.
Your magical effects are unravelling.
You feel magically purged.
Your magical contamination has completely faded away.
You feel less invigorated.
You flicker back into view.
You feel less confused.
* * * LOW HITPOINT WARNING * * *
You feel very sick.
You feel less attractive to monsters.
It was a potion of degeneration.
There was something very wrong with that liquid.
You feel weakened.
You feel dopey.
You feel clumsy.
* * * LOW HITPOINT WARNING * * *
You feel very sick.
It was a potion of flight.
You feel very buoyant.
You fly up into the air.
You die...
Your body crumbles into a pile of gold.

###
#....................#
#....................#
#....................#
#<...................#
#.#..................#
#.##................##
## #..................##
.# ######.......$....##
.# #.....4@....###
.################.(###.#
.##.....# ##..###.#
.##.###.########<......#
.##.# #...........)....#
.##.# #.##########.#####
.##.# #.# #.# ###.# #.#
#.# ###.# #.# #.#


You could see a friendly orange demon (summoned, very poisoned).

Vanquished Creatures
  An ogre (D:4)
  A hound (D:4)
  Crazy Yiuf (D:3)
  An iguana (D:5)
  Jessica (D:2)
  3 orc wizards
  Natasha (twice) (D:3)
  3 gnolls (D:3)
  5 adders (D:3)
  An ufetubus (D:4)
  An adder skeleton (D:4)
  4 worms
  A dart slug (D:4)
  9 orcs
  5 endoplasms
  6 giant cockroaches
  8 goblins
  9 hobgoblins
  12 jackals
  4 kobolds
  3 quokkas
  7 ball pythons
  6 bats
  3 frilled lizards
  3 rats
100 creatures vanquished.

Vanquished Creatures (collateral kills)
  Natasha (D:3)
  An iguana (D:3)
  2 orcs
  An endoplasm (D:3)
5 creatures vanquished.

Vanquished Creatures (others)
  3 fungi (D:3)
  A plant (D:3)
4 creatures vanquished.

Grand Total: 109 creatures vanquished

Notes
Turn   | Place    | Note
-------+----------+-------------------------------------------
     0 | D:1      | hatdisgam the Demonspawn Venom Mage began the quest for the
                  | Orb.
     0 | D:1      | Reached XP level 1. HP: 13/13 MP: 3/3
   226 | D:1      | Noticed a great orb of eyes
   229 | D:1      | Found a faded altar of an unknown god.
   231 | D:1      | Noticed a shining eye
   237 | D:1      | Noticed a shining eye
   243 | D:1      | Noticed a floating eye
   248 | D:1      | Became a worshipper of Gozag Ym Sagoz the Greedy
   296 | D:1      | Gained mutation: You are partially covered in slimy green
                  | scales. (AC +2) [demonic ancestry]
   296 | D:1      | Reached XP level 2. HP: 12/19 MP: 5/5
   585 | D:1      | Got the Volume of the Blessings
   589 | D:1      | Learned a level 2 spell: Poisonous Vapours
  1153 | D:2      | Gained mutation: You are mostly covered in slimy green
                  | scales. (AC +3) [demonic ancestry]
  1153 | D:2      | Reached XP level 3. HP: 22/24 MP: 4/6
  1265 | D:2      | Noticed Jessica
  1273 | D:2      | Killed Jessica
  1274 | D:2      | Reached skill level 1 in Air Magic
  1496 | D:2      | Reached skill level 4 in Poison Magic
  1904 | D:2      | Gained mutation: A weak demonic guardian rushes to your
                  | aid. [demonic ancestry]
  1904 | D:2      | Reached XP level 4. HP: 27/30 MP: 3/7
  2286 | D:3      | Noticed Natasha
  2298 | D:3      | Killed Natasha
  2474 | D:2      | Gained mutation: A demonic guardian rushes to your aid.
                  | [demonic ancestry]
  2474 | D:2      | Reached XP level 5. HP: 15/35 MP: 2/9
  3105 | D:3      | Noticed Natasha
  3113 | D:3      | Killed Natasha
  3198 | D:3      | Noticed Natasha
  3211 | D:3      | Killed Natasha
  3299 | D:3      | Reached skill level 5 in Poison Magic
  3301 | D:3      | Gained mutation: You sometimes gain a little power by
                  | taking damage. [demonic ancestry]
  3301 | D:3      | Reached XP level 6. HP: 32/41 MP: 4/10
  3685 | D:3      | Found a runed translucent gate.
  3685 | D:3      | Found a runed translucent gate.
  3685 | D:3      | Found a runed translucent gate.
  3688 | D:3      | Noticed hatdisgam's ghost (amateur GnFi)
  3809 | D:3      | Found a runed translucent door.
  3810 | D:3      | Noticed Crazy Yiuf
  3943 | D:3      | Killed Crazy Yiuf
  4603 | D:4      | Learned a level 4 spell: Olgreb's Toxic Radiance
  4812 | D:4      | Reached skill level 1 in Fighting
  5586 | D:5      | Entered Level 5 of the Dungeon
  5598 | D:5      | Reached skill level 6 in Poison Magic
  5598 | D:5      | Reached XP level 7. HP: 31/49 MP: 0/11
  5615 | D:4      | HP: 1/49 [poisoned by an orc wizard]
  5616 | D:4      | Succumbed to an orc wizard's poison

Illustrated notes

Levels and vault maps discovered:
D:1:      giann_horns, layout_loops_ring, hellmonk_ecumenical_altar_watching_god
D:2:      layout_loops_ring, basic_altar, uniq_jessica
D:3:      layout_basic, gammafunk_ghost_nasty_kobolds, gup_sewer_entry_glass,
          uniq_natasha, uniq_crazy_yiuf_cottage
D:4:      layout_basic
D:5:      layout_rooms, bloody_trog

Skill      XL: |  1  2  3  4  5  6 |
---------------+-------------------+-----
Air Magic      | 1 2 3 |  3.2
Poison Magic   | 4 5 6 |  6.1
Spellcasting   | 3 |  3.3
Fighting       | 1 |  1.9
Dodging        | |  1.7
Stealth        | |  1.7
Transmutations | |  0.8

Action                   |  1- 3 |  4- 6 |  7- 9 || total
-------------------------+-------+-------+-------++-------
Melee: Mace              |    44 |       |       ||    44
       Unarmed           |     1 |     5 |       ||     6
       War axe           |    13 |     3 |       ||    16
       Dagger            |       |   137 |     7 ||   144
       Staff             |       |    26 |       ||    26
 Cast: Sting             |    34 |    77 |       ||   111
       Poisonous Vapours |     3 |     7 |       ||    10
  Use: Potion            |       |       |     8 ||     8
 Stab: Sleeping          |     2 |     4 |       ||     6
       Distracted        |       |     1 |       ||     1
Armor: Robe              |    25 |    70 |     4 ||    99
Dodge: Dodged            |    50 |   163 |     5 ||   218

Table legend: (Time is in decaauts)
 A = Elapsed time spent in this place.
 B = Non-inter-level travel time spent in this place.
 C = Inter-level travel time spent in this place.
 D = Time resting spent in this place.
 E = Time spent auto-exploring this place.
 F = Levels seen in this place.
 G = Mean time per level.
                   A        B        C        D        E       F      G
               +--------+--------+--------+--------+--------+-----+--------+
         Total |   5645 |   5527 |    118 |    405 |   4263 |   5 | 1129.0 |
       Dungeon |   5645 |   5527 |    118 |    405 |   4263 |   5 | 1129.0 |
               +--------+--------+--------+--------+--------+-----+--------+

Top non-repeatable levels by time:
     D:3: 1876 daAuts
     D:2: 1577 daAuts
     D:1: 1158 daAuts
     D:4: 1015 daAuts
     D:5: 17 daAuts
